 Dungeon Crawl Stone Soup version 0.31-a0-859-g9dce7d3444 (webtiles) character file.

Game seed: 8516401633661264320

390 Lugonue the Magician (level 6, 0/46 HPs)
             Began as a Demonspawn Venom Mage on Oct 9, 2023.
             Was a Follower of Okawaru.
             Slain by an ice beast (12 damage)
             ... on level 5 of the Dungeon.
             The game lasted 00:11:53 (5041 turns).

Lugonue the Magician (Demonspawn Venom Mage)        Turns: 5041, Time: 00:11:55

Health: 0/46       AC:  3    Str: 11    XL:     6   Next: 50%
Magic:  12/12      EV: 12    Int: 16    God:    Okawaru [*.....]
Gold:   189        SH:  0    Dex: 13    Spells: 7/13 levels left

rFire   . .          .
                       - Unarmed
rCold   . . .        (no shield)
rNeg    . . .        a - +0 robe
rPois   .            (helmet restricted)
rElec   .            d - +0 cloak
rCorr   .            (no gloves)
SInv    .            (no boots)
Will    .....        (no amulet)
Stlth   ++           (no ring)
HPRegen 0.27/turn    (no ring)
MPRegen 0.13/turn

%: no passive effects
@: no status effects
A: horns 1, ignite blood 1, demonic touch 1
a: Renounce Religion, Heroism


You were on level 5 of the Dungeon.
You worshipped Okawaru.
Okawaru was aware of your devotion.
You visited 1 branch of the dungeon, and saw 5 of its levels.

You collected 231 gold pieces.
You spent 42 gold pieces at shops.

Inventory:

Missiles
 i - a throwing net
 r - 5 javelins
Armour
 a - a +0 robe (worn)
 d - a +0 cloak (worn)
 e - a +0 helmet
Scrolls
 c - a scroll of vulnerability
 m - a scroll of teleportation
 n - 2 scrolls of identify
 q - a scroll of fog
Potions
 b - a potion of magic
 f - 4 potions of mutation
 g - 2 potions of attraction
 h - a potion of degeneration {unknown}
 j - a potion of haste {unknown}
 o - a potion of enlightenment {unknown}
 s - a potion of cancellation {unknown}
 t - a potion of ambrosia {unknown}


   Skills:
 * Level 2.4 Fighting
 + Level 0.5 Short Blades
 + Level 2.5 Dodging
 - Level 2.2 Stealth
 * Level 1.3 Unarmed Combat
 * Level 4.0 Spellcasting
 + Level 0.1 Conjurations
 + Level 1.8 Transmutations
 + Level 0.7 Air Magic
 + Level 3.8 Poison Magic


You had 7 spell levels left.
You knew the following spells:

 Your Spells              Type           Power      Damage    Failure   Level
a - Sting                 Tmut/Pois      48%        1d5       5%          1
b - Poisonous Vapours     Pois/Air       20%        N/A       10%         2
c - Mephitic Cloud        Conj/Pois/Air  8%         N/A       26%         3

Your spell library contained the following spells:

 Spells                   Type           Power      Damage    Failure   Level
 Olgreb's Toxic Radiance  Pois           15%        N/A       34%         4


Dungeon Overview and Level Annotations

Branches:
Dungeon (5/15)
 Temple: D:4-7

Altars:
Okawaru
Vehumet

Shops:
D:4 *

Annotations:
D:4 exclusion: statue


Innate Abilities, Weirdness & Mutations

You have a pair of small horns on your head.
Your demonic aura sometimes causes spilled blood to erupt in flames.
Your touch may inflict minor irresistible damage on your foes.


Message History

The ice beast hits you. The ice beast freezes you!
You closely miss the ice beast. Your headbutt misses the ice beast.
The ice beast is severely wounded.
The ice beast completely misses you.
You barely miss the ice beast. Your touch misses the ice beast.
The ice beast is severely wounded.
You feel like a meek peon again.
The ice beast hits you but does no damage.
You barely miss the ice beast.
You headbutt the ice beast, but do no damage.
The ice beast is severely wounded.
The ice beast hits you.
* * * LOW HITPOINT WARNING * * *
The ice beast freezes you.
* * * LOW HITPOINT WARNING * * *
You feel much better. The ice beast barely misses you.
You hit the ice beast but do no damage. Your headbutt misses the ice beast.
Your touch misses the ice beast.
The ice beast is severely wounded.
The ice beast hits you. The ice beast freezes you.
You closely miss the ice beast. Your headbutt misses the ice beast.
The ice beast is severely wounded.
The ice beast hits you but does no damage.
You barely miss the ice beast.
You touch the ice beast!
The ice beast is almost dead.
The ice beast closely misses you.
You hit the ice beast but do no damage.
The ice beast is almost dead.
The ice beast hits you. The ice beast freezes you!
* * * LOW HITPOINT WARNING * * *
You hit the ice beast but do no damage. Your touch misses the ice beast.
The ice beast is almost dead.
The ice beast barely misses you.
You barely miss the ice beast.
You headbutt the ice beast, but do no damage.
The ice beast is almost dead.
The ice beast hits you.
* * * LOW HITPOINT WARNING * * *
The ice beast freezes you!
You die...

.....# ......
....### ....... #
..<#.## # #.
######......#
#..#.##...........#
#.....>....@Y.....+
#.####..#####.....#
#.......# ....#
#######.### ...#
#...## ..#
###..##.....#
####.......... #
#.............
###.<...........


You could see an ice beast.

Vanquished Creatures
  A hound (D:2)
  2 orc priests (D:3)
  4 orc wizards
  3 gnolls (D:3)
  5 adders
  4 dart slugs
  A worm (D:4)
  22 orcs
  6 ball pythons
  10 endoplasms
  3 giant cockroaches (D:2)
  9 goblins
  3 hobgoblins
  7 jackals
  8 bats
  2 frilled lizards
  7 kobolds
  5 rats
102 creatures vanquished.

Notes
Turn   | Place    | Note
-------+----------+-------------------------------------------
     0 | D:1      | Lugonue the Demonspawn Venom Mage began the quest for the
                  | Orb.
     0 | D:1      | Reached XP level 1. HP: 13/13 MP: 3/3
   380 | D:1      | Discovered your monstrous ancestry.
   380 | D:1      | Gained mutation: You have a pair of small horns on your
                  | head. [demonic ancestry]
   380 | D:1      | Reached XP level 2. HP: 19/19 MP: 0/5
   436 | D:1      | Reached skill level 1 in Transmutations
  1126 | D:2      | Gained mutation: Your demonic aura sometimes causes spilled
                  | blood to erupt in flames. [demonic ancestry]
  1126 | D:2      | Reached XP level 3. HP: 24/24 MP: 4/6
  1829 | D:2      | Learned a level 2 spell: Poisonous Vapours
  1833 | D:2      | Learned a level 3 spell: Mephitic Cloud
  2402 | D:2      | Reached XP level 4. HP: 26/31 MP: 5/8
  2520 | D:2      | Found a faded altar of an unknown god.
  2578 | D:2      | Prayed at the altar of an unknown god.
  2578 | D:2      | Became a worshipper of Warmaster Okawaru
  2578 | D:2      | Reached * piety under Okawaru
  2701 | D:3      | Reached skill level 1 in Fighting
  2701 | D:3      | Reached skill level 3 in Spellcasting
  2784 | D:3      | Gained mutation: Your touch may inflict minor irresistible
                  | damage on your foes. [demonic ancestry]
  2784 | D:3      | Reached XP level 5. HP: 28/37 MP: 1/9
  3746 | D:3      | Reached XP level 6. HP: 43/44 MP: 11/11
  4038 | D:4      | Found a radiant altar of Vehumet.
  4160 | D:4      | Reached skill level 1 in Unarmed Combat
  4524 | D:4      | Reached skill level 4 in Spellcasting
  4588 | D:4      | Found Ylarphim's Assorted Antiques.
  4596 | D:4      | Bought a smoky puce potion for 21 gold pieces
  4596 | D:4      | Bought a sedimented dark potion for 21 gold pieces
  5003 | D:5      | Entered Level 5 of the Dungeon
  5020 | D:5      | Noticed an ice beast
  5041 | D:5      | Slain by an ice beast

Illustrated notes

Levels and vault maps discovered:
D:1:      amcnicky_arrival_double_pillar, layout_loops_cross
D:2:      layout_basic, hellmonk_ecumenical_altar_inner_sanctum,
          kennysheep_generic_room_8
D:3:      layout_basic, grunt_ministairs_10, supply_closet_lemuel,
          hangedman_abyss_or_decor_lesser_grid
D:4:      minmay_evil_eye, layout_basic, vehumet_statue, serial_shops,
          nicolae_shop_overgrown_old_shop, serial_bayou, serial_bayou_lake_a,
          serial_bayou_shore_b, serial_bayou_shore_b, serial_bayou_pond_a,
          minmay_fractal_squares_diagonal_5
D:5:      layout_basic, mainiacjoe_overflow_six_doors_small,
          lemuel_crystal_altar, minmay_temple_entry_statues_fountains,
          biasface_ghost_orc_armoury, hangedman_decor_riveting, lightli_minifort

Skill      XL: |  1  2  3  4  5  6 |
---------------+-------------------+-----
Transmutations | 1 |  1.8
Dodging        | 2 |  2.5
Stealth        | 2 |  2.2
Fighting       | 1 2 |  2.4
Spellcasting   | 3 4 |  4.0
Unarmed Combat | 1 |  1.3
Short Blades   | |  0.5
Conjurations   | |  0.1
Air Magic      | |  0.7
Poison Magic   | |  3.8

Action                     |  1- 3 |  4- 6 || total
---------------------------+-------+-------++-------
  Melee: Dagger            |    21 |       ||    21
         Short sword       |    52 |    12 ||    64
         Headbutt          |    12 |    36 ||    48
         Unarmed           |       |   149 ||   149
         Touch             |       |    28 ||    28
         Punch             |       |     1 ||     1
   Cast: Sting             |    53 |    22 ||    75
         Poisonous Vapours |       |    15 ||    15
         Mephitic Cloud    |       |     1 ||     1
 Invoke: Heroism           |       |     3 ||     3
    Use: Scroll            |     7 |     4 ||    11
         Potion            |       |     2 ||     2
   Stab: Sleeping          |     1 |       ||     1
         Confused          |       |     1 ||     1
 Armour: Robe              |    80 |    91 ||   171
  Dodge: Dodged            |    89 |    79 ||   168

Table legend: (Time is in decaauts)
 A = Elapsed time spent in this place.
 B = Non-inter-level travel time spent in this place.
 C = Inter-level travel time spent in this place.
 D = Time resting spent in this place.
 E = Time spent auto-exploring this place.
 F = Levels seen in this place.
 G = Mean time per level.
                   A        B        C        D        E       F      G
               +--------+--------+--------+--------+--------+-----+--------+
         Total |   5095 |   4994 |    101 |    720 |   3272 |   5 | 1019.0 |
       Dungeon |   5095 |   4994 |    101 |    720 |   3272 |   5 | 1019.0 |
               +--------+--------+--------+--------+--------+-----+--------+

Top non-repeatable levels by time:
     D:2: 1519 daAuts
     D:3: 1275 daAuts
     D:4: 1187 daAuts
     D:1: 1077 daAuts
     D:5: 36 daAuts
